 Dungeon Crawl Stone Soup version 0.30-a0-939-gc8157cb160 (webtiles) character file.

Game seed: 13677449117503391668

135 Jeffwins the Shooter (level 5, -6/41 HPs)
             Began as a Human Wanderer on Mar 26, 2023.
             Killed by divine providence
             ... invoked by an orc priest
              (14 damage)
             ... on level 3 of the Dungeon.
             The game lasted 00:02:58 (2340 turns).

Jeffwins the Shooter (Human Wanderer)               Turns: 2340, Time: 00:02:59

Health: -6/41      AC:  4    Str: 10    XL:     5   Next: 41%
Magic:  17/17      EV: 10    Int: 16    God:
Gold:   111        SH:  0    Dex: 13    Spells: 7/8 levels left

rFire   + . .      SeeInvis .    a - +0 sling
rCold   . . .      Faith    .    (no shield)
rNeg    . . .      Spirit   .    q - +0 leather armour
rPois   .          Reflect  .    (no helmet)
rElec   .          Rampage  .    (no cloak)
rCorr   .                        l - +0 pair of gloves
Will    ++...                    (no boots)
Stlth   ++                       (no amulet)
HPRegen 0.26/turn                W - ring of magical power
MPRegen 0.15/turn                r - ring of willpower

@: no status effects
A: talons 1, fire resistance 1, strong-willed 1
a: no special abilities


You were on level 3 of the Dungeon.
You visited 1 branch of the dungeon, and saw 3 of its levels.

You collected 111 gold pieces.


Innate Abilities, Weirdness & Mutations

You have sharp toenails.
Your flesh is heat resistant. (rF+)
You are strong-willed. (Will+)


   Skills:
 + Level 3.1 Fighting
 * Level 3.4 Ranged Weapons
 - Level 2.0 Throwing
 + Level 2.2 Stealth
 - Level 2.0 Spellcasting
 - Level 3.0 Translocations


You had 7 spell levels left.
You knew the following spells:

 Your Spells              Type           Power      Damage    Failure   Level
a - Apportation           Tloc           22%        N/A       9%          1

Your spell library contained the following spells:

 Spells                   Type           Power      Damage    Failure   Level
 Shock                    Conj/Air       4%         1d3       28%         1
 Swiftness                Air            1%         N/A       63%         3
 Manifold Assault         Tloc           11%        N/A       63%         4
 Passage of Golubria      Tloc           11%        N/A       63%         4
 Airstrike                Air            0%         2d(1-17)  95%         4

Inventory:

Hand Weapons
 a - a +0 sling (weapon)
 c - a +0 dagger
Missiles
 b - 8 boomerangs (quivered)
Armour
 e - a +0 robe
 g - a +0 ring mail
 l - a +0 pair of gloves (worn)
 q - a +0 leather armour (worn)
Jewellery
 r - a ring of willpower (right hand)
 W - a ring of magical power (left hand)
Scrolls
 f - a scroll of immolation {unknown}
 h - a scroll of brand weapon {unknown}
 i - a scroll of summoning {unknown}
 j - 2 scrolls of teleportation {unknown}
 k - 3 scrolls of identify {unknown}
 m - 2 scrolls of enchant weapon {unknown}
 n - a scroll of fear {unknown}
 o - a scroll of enchant armour {unknown}
Potions
 d - a potion of heal wounds {@q2}
 p - 2 potions of curing {unknown}

Dungeon Overview and Level Annotations

Branches:
Dungeon (3/15)

Altars:

.. ##. ### ....
..# ...ob##.###
#....o..# #.#
#.# #.######
#.wo{@.#
######.#
########.#
#........#
#........###
#............
#.............
#.............#
#.......#.....#


You could see a worm and an orc priest.


Message History

The sling bullet closely misses the orc priest.
You hear some strange, mumbled words.
A magic dart appears from out of thin air!
The magic dart hits you. Something hits you.
You shoot a sling bullet.
The sling bullet hits the orc priest but does no damage.
The orc priest is severely wounded.
A worm comes into view.
Something hits you but does no damage.
You shoot a sling bullet.
The sling bullet closely misses the orc priest.
Something hits you.
* * * LOW HITPOINT WARNING * * *
Unknown command.
You are too injured to fight recklessly!
You are too injured to fight recklessly!
You are too injured to fight recklessly!
Unknown command.
You shoot a sling bullet.
The sling bullet hits the orc priest but does no damage.
The orc priest is severely wounded.
The orc priest mumbles some strange prayers to Beogh against you.
Beogh smites you!
* * * LOW HITPOINT WARNING * * *
Something hits you but does no damage.
You shoot a sling bullet. The sling bullet hits the orc priest.
The orc priest is severely wounded.
The orc priest calls down the wrath of Beogh upon you.
Beogh smites you!
You die...

Skill      XL: |  1  2  3  4  5 |
---------------+----------------+-----
Ranged Weapons | 2 3 |  3.4
Stealth        | 1 2 |  2.2
Fighting       | 3 |  3.1
Throwing       | |  2.0
Spellcasting   | |  2.0
Translocations | |  3.0

Action                     |  1- 3 |  4- 6 || total
---------------------------+-------+-------++-------
   Fire: Sling             |    88 |   140 ||   228
    Use: Potion            |     4 |       ||     4
 Armour: Robe              |     9 |       ||     9
         Ring mail         |     2 |    29 ||    31
         Leather armour    |       |    21 ||    21
  Dodge: Dodged            |    24 |    47 ||    71

Levels and vault maps discovered:
D:1:      ldierk_walled_garden, layout_loops_ring
D:2:      layout_basic, hellmonk_ecumenical_altar_prayer_group, minmay_tall_x
D:3:      layout_loops_ring, kiku_gazebo_garden_becter, led_sif_pool

Notes
Turn   | Place    | Note
-------+----------+-------------------------------------------
     0 | D:1      | Jeffwins the Human Wanderer began the quest for the Orb.
     0 | D:1      | Jeffwins set off with the following items: a +0 sling, 8
                  | boomerangs, a +0 dagger, a potion of heal wounds {@q2}, a
                  | +0 robe; and the following spell memorised: Apportation;
                  | and the following spells available to memorise: Manifold
                  | Assault, Passage of Golubria.
     0 | D:1      | Reached XP level 1. HP: 16/16 MP: 3/3
   205 | D:1      | Reached XP level 2. HP: 22/22 MP: 5/5
   690 | D:2      | Gained mutation: Your spells are a little harder to cast,
                  | but a little more powerful. [potion of mutation]
   690 | D:2      | Gained mutation: You are clumsy. (Dex -2) [potion of
                  | mutation]
   690 | D:2      | Gained mutation: You are dopey. (Int -2) [potion of
                  | mutation]
   691 | D:2      | HP: 2/22 [adder (2)]
   693 | D:2      | Lost mutation: You are clumsy. (Dex -2) [potion of
                  | mutation]
   693 | D:2      | Lost mutation: Your spells are a little harder to cast, but
                  | a little more powerful. [potion of mutation]
   693 | D:2      | Lost mutation: You are dopey. (Int -2) [potion of mutation]
   693 | D:2      | Gained mutation: You have sharp toenails. [potion of
                  | mutation]
   693 | D:2      | Gained mutation: Your flesh is heat resistant. (rF+)
                  | [potion of mutation]
   693 | D:2      | Gained mutation: You are strong-willed. (Will+) [potion of
                  | mutation]
   696 | D:2      | Reached skill level 2 in Ranged Weapons
   696 | D:2      | Reached skill level 1 in Stealth
   696 | D:2      | Reached XP level 3. HP: 9/27 MP: 6/6
  1217 | D:2      | Reached XP level 4. HP: 27/34 MP: 7/7
  1309 | D:2      | Found a faded altar of an unknown god.
  1781 | D:3      | Reached skill level 3 in Ranged Weapons
  1835 | D:3      | Reached skill level 2 in Stealth
  1835 | D:3      | Reached XP level 5. HP: 28/40 MP: 8/8
  1972 | D:3      | Reached skill level 3 in Fighting
  2340 | D:3      | Killed from afar by an orc priest

Vanquished Creatures
  3 gnolls
  4 adders
  2 worms
  4 dart slugs (D:2)
  8 bats
  3 endoplasms
  3 giant cockroaches
  7 goblins
  6 hobgoblins
  3 quokkas
  3 ball pythons
  4 kobolds
  5 rats
55 creatures vanquished.

Vanquished Creatures (others)
  5 toadstools (D:1)
5 creatures vanquished.

Grand Total: 60 creatures vanquished

Table legend: (Time is in decaauts)
 A = Elapsed time spent in this place.
 B = Non-inter-level travel time spent in this place.
 C = Inter-level travel time spent in this place.
 D = Time resting spent in this place.
 E = Time spent auto-exploring this place.
 F = Levels seen in this place.
 G = Mean time per level.
                   A        B        C        D        E       F      G
               +--------+--------+--------+--------+--------+-----+--------+
         Total |   2419 |   2362 |     57 |    300 |   1561 |   3 |  806.3 |
       Dungeon |   2419 |   2362 |     57 |    300 |   1561 |   3 |  806.3 |
               +--------+--------+--------+--------+--------+-----+--------+

Top non-repeatable levels by time:
     D:2: 1293 daAuts
     D:1: 642 daAuts
     D:3: 483 daAuts

Table legend:
 A = Non-vault XP
 B = Vault XP
 C = Vault XP percentage of total XP
 D = Non-vault monster count
 E = Vault monster count
 F = Vault count percentage of total count
                 A         B        C        D         E       F
            +---------+---------+-------+---------+---------+-------
      Total |     170 |      23 |  11.9 |      48 |       7 |  12.7
            +---------+---------+-------+---------+---------+-------
        D:1 |      16 |       0 |   0.0 |      10 |       0 |   0.0
        D:2 |      88 |      23 |  20.7 |      23 |       7 |  23.3
        D:3 |      66 |       0 |   0.0 |      15 |       0 |   0.0
            +---------+---------+-------+---------+---------+-------
